 Dungeon Crawl Stone Soup version 0.29-a0-721-g7f417c9bbb (webtiles) character file.

Game seed: 3102038863923310650

109 ytrimaz the Chopper (level 4, 0/34 HPs)
             Began as a Demonspawn Gladiator on June 27, 2022.
             Slain by a gnoll
             ... wielding a +0 flail
              (9 damage)
             ... on level 3 of the Dungeon.
             The game lasted 00:03:17 (2163 turns).

ytrimaz the Chopper (Demonspawn Gladiator)          Turns: 2163, Time: 00:03:17

Health: 0/34       AC: 11    Str: 16    XL:     4   Next: 60%
Magic:  4/4        EV:  5    Int: 10    God:
Gold:   123        SH:  4    Dex: 14    Spells: 3/3 levels left

rFire   . . .      SeeInvis .   h - +0 hand axe
rCold   . . .      Faith    .   (no shield)
rNeg    . . .      Spirit   .   g - +0 plate armour
rPois   .          Reflect  .   c - +0 helmet
rElec   .          Harm     .   (no cloak)
rCorr   .          Rampage  .   (no gloves)
Will    .....                   (no boots)
Stlth   ..........              (no amulet)
HPRegen 0.11/turn               i - ring of wizardry
MPRegen 0.09/turn               n - ring of wizardry

@: mighty
A: claws 1, condensation shield
a: no special abilities


You were on level 3 of the Dungeon.
You visited 1 branch of the dungeon, and saw 3 of its levels.

You collected 123 gold pieces.

Inventory:

Hand Weapons
 a - a +0 war axe
 h - a +0 hand axe (weapon)
Missiles
 d - 3 throwing nets (quivered)
 e - a javelin
Armour
 c - a +0 helmet (worn)
 g - a +0 plate armour (worn)
Jewellery
 i - a ring of wizardry (left claw)
 n - a ring of wizardry (right claw)
Scrolls
 k - a scroll of acquirement {unknown}
 l - a scroll of teleportation {unknown}
 m - 3 scrolls of identify {unknown}
Potions
 b - a potion of might
 f - a potion of curing
 j - a potion of haste {unknown}


   Skills:
 + Level 2.7 Fighting
 + Level 4.2 Axes
 - Level 1.8 Throwing
 - Level 0.4 Armour
 - Level 3.0 Dodging
 - Level 0.1 Stealth
 - Level 0.1 Shields


You had 3 spell levels left.
You didn't know any spells.
Your spell library contained the following spells:

 Spells                   Type           Power      Damage    Failure   Level
 Magic Dart               Conj           0%         1d3       99%         1
 Call Imp                 Summ           0%         N/A       100%        2
 Gell's Gravitas          Tloc           0%         N/A       100%        3
 Mephitic Cloud           Conj/Pois/Air  0%         N/A       100%        3
 Teleport Other           Tloc           0%         N/A       100%        3
 Dispersal                Tloc           0%         N/A       100%        6


Dungeon Overview and Level Annotations

Branches:
Dungeon (3/15)

Altars:
Wu Jian


Innate Abilities, Weirdness & Mutations

You have sharp fingernails.
A meltable shield of frost defends you. (SH +4)


Message History

You block the gnoll's attack.
You barely miss the gnoll.
The gnoll is moderately wounded.
The gnoll hits you with a +0 spear!
You hit the gnoll.
The gnoll is moderately wounded.
You block the gnoll's attack. The gnoll hits you with a +0 spear.
You hit the gnoll.
The gnoll is heavily wounded.
You block the gnoll's attack.
You hit the gnoll.
The gnoll is severely wounded.
The gnoll hits you with a +0 spear.
You closely miss the gnoll.
The gnoll is severely wounded.
The gnoll hits you but does no damage.
You hit the gnoll.
You kill the gnoll!
You hit the gnoll.
The gnoll is lightly wounded.
The gnoll hits you with a +0 flail!
You closely miss the gnoll.
The gnoll is lightly wounded.
The gnoll hits you with a +0 flail.
* * * LOW HITPOINT WARNING * * *
You are too injured to fight recklessly!
You completely miss the gnoll. You claw the gnoll.
The gnoll is moderately wounded.
You block the gnoll's attack.
You are too injured to fight recklessly!
Unknown command.
The gnoll attacks as you move away! The gnoll hits you but does no damage.
The gnoll attacks as you move away! The gnoll hits you with a +0 flail!
* * * LOW HITPOINT WARNING * * *
Found a stone staircase leading up.
It was a potion of might.
You feel very mighty all of a sudden. You block the gnoll's attack.
It was a potion of curing.
You feel better. The gnoll hits you with a +0 flail!
You die...

#.#....<# #.#.#.### #..<...
#.......#.#.#...#
#.....#.#.#.....#
##.#..#.#.##....#
#.#..#.#.##....#
#.#..#.#.##....#
#.#............# #########
#.#.##.#.#####@######........
#.#..........gg..............
#.###...######.######.=......
#......>.....g.g...........
#.#...#.........g..........
#.#..........#.####.######
#.#...########'## #)# #.###.#
#......# #g# #.###.# #......#
#g#


You could see 3 gnolls.

Vanquished Creatures
  Natasha (twice) (D:3)
  A gnoll (D:3)
  2 adders (D:3)
  8 bats
  6 endoplasms
  A giant cockroach (D:1)
  2 goblins
  A hobgoblin (D:2)
  4 kobolds (D:2)
  A quokka (D:2)
  2 ball pythons
  3 frilled lizards
  3 rats
36 creatures vanquished.

Vanquished Creatures (others)
  27 plants (D:1)
27 creatures vanquished.

Grand Total: 63 creatures vanquished

Notes
Turn   | Place    | Note
-------+----------+-------------------------------------------
     0 | D:1      | ytrimaz the Demonspawn Gladiator began the quest for the
                  | Orb.
     0 | D:1      | Reached XP level 1. HP: 16/16 MP: 1/1
   202 | D:1      | Gained mutation: A meltable shield of frost defends you.
                  | (SH +4) [demonic ancestry]
   202 | D:1      | Reached XP level 2. HP: 21/22 MP: 2/2
   246 | D:1      | Found a faded altar of an unknown god.
   278 | D:1      | Reached skill level 3 in Axes
  1295 | D:2      | Reached XP level 3. HP: 27/27 MP: 3/3
  1333 | D:2      | Found an ornate altar of the Wu Jian Council.
  1902 | D:3      | Noticed Natasha
  1909 | D:3      | Killed Natasha
  1910 | D:3      | Gained mutation: You have sharp fingernails. [demonic
                  | ancestry]
  1910 | D:3      | Reached XP level 4. HP: 28/34 MP: 4/4
  2056 | D:3      | Noticed Natasha
  2063 | D:3      | Killed Natasha
  2064 | D:3      | Reached skill level 4 in Axes
  2163 | D:3      | Slain by a gnoll

Illustrated notes

Levels and vault maps discovered:
D:1:      roderic_crop_circles_arrival_small, layout_basic,
          ebering_ecumenical_altar_hall, minmay_misc_feat_more_columns,
          corexii_hall_statues_x
D:2:      layout_basic, basic_altar
D:3:      layout_basic, amcnicky_mini_pool_small, fountainhead, uniq_natasha

Skill      XL: |  1  2  3  4 |
---------------+-------------+-----
Axes           | 3 4 |  4.2
Dodging        | 3 |  3.0
Fighting       | |  2.7
Throwing       | |  1.8
Armour         | |  0.4
Stealth        | |  0.1
Shields        | |  0.1

Action                   |  1- 3 |  4- 6 || total
-------------------------+-------+-------++-------
Melee: War axe           |    68 |       ||    68
       Hand axe          |    24 |    18 ||    42
       Punch             |       |     1 ||     1
  Use: Potion            |       |     2 ||     2
 Stab: Sleeping          |     1 |       ||     1
Armor: Leather armour    |    18 |       ||    18
       Plate armour      |    37 |     7 ||    44
Dodge: Dodged            |    50 |     1 ||    51
Block: Other             |    17 |     6 ||    23

Table legend: (Time is in decaauts)
 A = Elapsed time spent in this place.
 B = Non-inter-level travel time spent in this place.
 C = Inter-level travel time spent in this place.
 D = Time resting spent in this place.
 E = Time spent auto-exploring this place.
 F = Levels seen in this place.
 G = Mean time per level.
                   A        B        C        D        E       F      G
               +--------+--------+--------+--------+--------+-----+--------+
         Total |   2218 |   2115 |    103 |      0 |   1727 |   3 |  739.3 |
       Dungeon |   2218 |   2115 |    103 |      0 |   1727 |   3 |  739.3 |
               +--------+--------+--------+--------+--------+-----+--------+

Top non-repeatable levels by time:
     D:1: 991 daAuts
     D:2: 679 daAuts
     D:3: 547 daAuts
